 Dungeon Crawl Stone Soup version 0.28-a0-258-g8de209e91f (webtiles) character file.

Game seed: 9673929839149531164

372772 Spaninq the Earth Mage (level 23, -3/210 HPs)
             Began as a Human Ice Elementalist on Aug 26, 2021.
             Was the Champion of Vehumet.
             Slain by a titanic slime creature (69 damage)
             ... on level 6 of the Lair of Beasts.
             The game lasted 06:56:48 (67555 turns).

Spaninq the Earth Mage (Human Ice Elementalist)    Turns: 67555, Time: 06:56:48

Health: -3/210     AC: 32    Str:  8    XL:     23   Next: 76%
Magic:  41/42      EV: 17    Int: 27    God:    Vehumet [******]
Gold:   3194       SH:  7    Dex: 18    Spells: 0/53 levels left

rFire   . . .      SeeInvis +   b - staff of conjuration
rCold   . . .      Faith    .   x - +2 buckler
rNeg    + . .      Spirit   .   (armour currently unavailable)
rPois   ∞          Reflect  .   r - +1 helmet {Int+3}
rElec   +          Harm     .   t - +1 cloak {Stlth+}
rCorr   .          Rampage  .   (gloves currently unavailable)
Will    ++...                   (boots currently unavailable)
Stlth   +++.......              z - amulet "Feugus" {RegenMP Will+ Dex+2}
HPRegen 0.45/turn               p - ring of poison resistance
MPRegen 0.53/turn               w - ring of see invisible

@: statue-form, studying Axes, very slow
A: slow and powerful, torment resistance 1, boosted hp
}: 2/15 runes: decaying, gossamer
a: End Transformation, Renounce Religion


You were on level 6 of the Lair of Beasts.
You worshipped Vehumet.
Vehumet was exalted by your worship.
You were a living statue of rough stone.
You visited 8 branches of the dungeon, and saw 37 of its levels.
You also visited: Sewer, Ossuary and Volcano.

You collected 4937 gold pieces.
You spent 1743 gold pieces at shops.

Inventory:

Armour
 f - a +2 pair of gloves of strength (melded)
 j - a +4 scale mail of cold resistance
 k - a scarf of repulsion
 r - a +1 helmet of intelligence (worn)
 t - a +1 cloak of stealth (worn)
 v - a +1 pair of boots (melded)
 x - a +2 buckler (worn)
 A - quicksilver dragon scales (melded)
 X - +0 fire dragon scales
Magical Staves
 b - a staff of conjuration (weapon)
 U - a staff of earth
Jewellery
 g - a ring of positive energy
 i - a ring of willpower
 m - a ring of wizardry
 p - a ring of poison resistance (left fist)
 w - a ring of see invisible (right fist)
 z - the amulet "Feugus" (around neck) {RegenMP Will+ Dex+2}
   (You bought it in a shop on level 7 of the Dungeon)

   [amulet of magic regeneration]

   It increases your rate of magic regeneration.
   Dex:       It affects your dexterity (+2).
   Will:      It increases your willpower.
 E - a ring of protection from cold
 L - a ring of protection from fire
 M - a ring of willpower
 R - a ring of protection from fire
 W - a ring of flight
Wands
 a - a wand of flame (124)
 s - a wand of acid (27)
 J - a wand of iceblast (48)
 K - a wand of paralysis (24)
 Q - a wand of mindburst (34)
 S - a wand of digging (11)
Scrolls
 c - 5 scrolls of fog
 h - a scroll of holy word
 l - 3 scrolls of summoning
 o - 11 scrolls of fear
 q - 4 scrolls of magic mapping
 D - 5 scrolls of enchant armour
 F - a scroll of brand weapon
 G - 21 scrolls of teleportation
 I - 7 scrolls of amnesia
 P - 6 scrolls of enchant weapon
 T - 7 scrolls of blinking
Potions
 d - a potion of invisibility
 e - 5 potions of brilliance
 n - 3 potions of resistance
 u - 4 potions of haste
 y - 2 potions of magic
 B - 10 potions of mutation
 C - 3 potions of might
 H - 11 potions of curing
 N - 4 potions of ambrosia
 O - 6 potions of heal wounds
 Z - 3 potions of cancellation
Miscellaneous
 V - a condenser vane
 Y - a phial of floods


   Skills:
 - Level 9.0 Fighting
 - Level 6.3 Staves
 - Level 9.0 Armour
 + Level 7.9 Dodging
 - Level 2.0 Stealth
 - Level 4.0 Shields
 + Level 15.6 Spellcasting
 * Level 20.2 Conjurations
 + Level 1.2 Transmutations
 - Level 9.0 Fire Magic
 - Level 9.0 Ice Magic
 * Level 20.2 Earth Magic
 - Level 4.0 Evocations


You couldn't memorise any spells.
You knew the following spells:

 Your Spells              Type           Power      Damage    Failure   Level
a - Iron Shot             Conj/Erth      57%        9d11      1%          6
b - Lehudib's Crystal Sp  Conj/Erth      57%        10d13     1%          8
c - Stone Arrow           Conj/Erth      100%       3d13      0%          3
d - Lee's Rapid Deconstr  Erth           46%        3d23*     0%          5
e - Bolt of Magma         Conj/Fire/Erth 52%        4d21      1%          5
f - Freezing Cloud        Conj/Ice/Air   42%        6-21      1%          5
g - Fireball              Conj/Fire      50%        3d20      1%          5
h - Frozen Ramparts       Ice            100%       1d12      1%          3
i - Starburst             Conj/Fire      50%        6d14      1%          6
j - Apportation           Tloc           42%        N/A       2%          1
k - Statue Form           Tmut/Erth      45%        N/A       4%          6

Your spell library contained the following spells:

 Spells                   Type           Power      Damage    Failure   Level
 Fire Storm               Conj/Fire      50%        8d13      80%         9
 Chain Lightning          Conj/Air       42%        3d56      100%        9
 Polar Vortex             Ice            31%        N/A       100%        9
 Magic Dart               Conj           100%       1d8       0%          1
 Beastly Appendage        Tmut           54%        N/A       1%          1
 Freeze                   Ice            100%       1d11      1%          1
 Shock                    Conj/Air       100%       1d9       1%          1
 Inner Flame              Hex/Fire       45%        N/A       1%          3
 Mephitic Cloud           Conj/Pois/Air  72%        N/A       1%          3
 Ozocubu's Armour         Ice            63%        N/A       1%          3
 Animate Armour           Summ/Erth      100%       N/A       1%          4
 Fulminant Prism          Conj/Hex       42%        3d20      1%          4
 Hailstorm                Conj/Ice       100%       3d20      1%          4
 Iskenderun's Mystic Bla  Conj/Tloc      85%        2d17      1%          4
 Leda's Liquefaction      Hex/Erth       33%        N/A       1%          4
 Borgnjor's Vile Clutch   Necr/Erth      33%        N/A       1%          5
 Animate Skeleton         Necr           42%        N/A       2%          1
 Corona                   Hex            23%        N/A       2%          1
 Summon Small Mammal      Summ           84%        N/A       2%          1
 Wereblood                Tmut           27%        N/A       2%          2
 Blink                    Tloc           N/A        N/A       3%          2
 Call Imp                 Summ           21%        N/A       3%          2
 Slow                     Hex            21%        N/A       3%          2
 Ice Form                 Ice/Tmut       48%        N/A       3%          4
 Summon Ice Beast         Ice/Summ       45%        N/A       3%          4
 Spider Form              Tmut/Pois      12%        N/A       5%          3
 Call Canine Familiar     Summ           21%        N/A       7%          3
 Confusing Touch          Hex            21%        N/A       7%          3
 Gell's Gravitas          Tloc           10%        N/A       7%          3
 Lesser Beckoning         Tloc           10%        N/A       7%          3
 Portal Projectile        Hex/Tloc       42%        N/A       7%          3
 Teleport Other           Tloc           21%        N/A       7%          3
 Vampiric Draining        Necr           10%        2d7       7%          3
 Spellforged Servitor     Conj/Summ      42%        N/A       9%          7
 Yara's Violent Unravell  Hex/Tmut       12%        3d7       13%         5
 Shatter                  Erth           46%        3d35*     16%         9
 Animate Dead             Necr           10%        N/A       24%         4
 Cause Fear               Hex            10%        N/A       24%         4
 Summon Lightning Spire   Summ/Air       21%        N/A       24%         4
 Blade Hands              Tmut           13%        N/A       38%         5
 Alistair's Intoxication  Tmut/Pois      16%        N/A       45%         5
 Manifold Assault         Tloc           21%        N/A       54%         5
 Eringya's Noxious Bog    Tmut/Pois      12%        N/A       54%         6
 Dispersal                Tloc           10%        N/A       98%         6
 Haunt                    Necr/Summ      10%        N/A       100%        7
 Storm Form               Tmut/Air       12%        N/A       100%        7
 Borgnjor's Revivificati  Necr           10%        N/A       100%        8
 Discord                  Hex            10%        N/A       100%        8
 Infestation              Necr           10%        N/A       100%        8
 Maxwell's Capacitive Co  Air            10%        ∞         100%        8
 Necromutation            Tmut/Necr      12%        N/A       100%        8
 Death's Door             Necr           10%        N/A       100%        9


Dungeon Overview and Level Annotations

Branches:
Dungeon (15/15)            Temple (1/1) D:5            Lair (6/6) D:10
  Swamp (4/4) Lair:4       Spider (4/4) Lair:2        Slime (1/5) Lair:6
    Orc (2/2) D:11            Elf (0/3) Orc:2        Vaults (4/5) D:13
  Crypt (0/3) Vaults:3     Depths (0/5) D:15          Sewer (visited)
Ossuary (visited)         Volcano (visited)

Altars:
Ashenzari
Cheibriados
Dithmenos
Elyvilon
Fedhas
Gozag
Hepliaklqana
Kikubaaqudgha
Makhleb
Nemelex Xobeh
Okawaru
Qazlal
Ru
Sif Muna
Trog
Uskayaw
Vehumet
Wu Jian
Xom
Yredelemnul
Zin
The Shining One
Jiyva
Lugonu

Shops:
D:3 *   D:4 ?   D:6 *   D:7 =   D:9 =   Orc:2 ?**   Vaults:2 *   Vaults:4 =:*

Portals:
Abyss: Lair:6

Annotations:
Lair:1 2 transporters
Lair:6 1 runed translucent door, robertstho's ghost, journeyman DjFE
Vaults:2 2 runed translucent doors, Droegar's ghost, adept MiBe
Vaults:4 Mennas


Message History

The crystal spear hits the very large slime creature!!!
The very large slime creature is moderately wounded.
Two slime creatures merge to form an enormous slime creature.
A very large slime creature splits.
The enormous slime creature hits you!!!
Casting: Lehudib's Crystal Spear (mildly dangerous; 1% risk of failure)
Confirm with . or Enter, or press ? or * to list all spells.
Aiming: Lehudib's Crystal Spear (mildly dangerous; 1% risk of failure)
Press: ? - help, Shift-Dir - straight line, f/p - enormous slime creature
Aim: an enormous slime creature (moderately wounded, 96% to hit)
You feel a surge of power!
The crystal spear hits the enormous slime creature!!!
The enormous slime creature is heavily wounded.
The enormous slime creature hits you!!!
* * * LOW HITPOINT WARNING * * *
Two slime creatures merge to form a large slime creature.
An enormous slime creature splits.
The large slime creature misses you.
Two slime creatures merge to form an enormous slime creature.
Two slime creatures merge to form a very large slime creature.
Two slime creatures merge to form a titanic slime creature.
The slime creature hits you but does no damage.
Two slime creatures merge to form an enormous slime creature.
An enormous slime creature splits.
A large slime creature splits.
A titanic slime creature splits.
You block the large slime creature's attack.
The slime creature hits you!
* * * LOW HITPOINT WARNING * * *
Two slime creatures merge to form a titanic slime creature.
Two slime creatures merge to form a large slime creature.
A titanic slime creature splits.
A very large slime creature splits.
You block the large slime creature's attack.
A large slime creature splits.
Two slime creatures merge to form a very large slime creature. x2
Two slime creatures merge to form an enormous slime creature.
Two slime creatures merge to form a titanic slime creature.
The enormous slime creature misses you.
The enormous slime creature barely misses you.
The enormous slime creature barely misses you.
The titanic slime creature hits you!!!
You die...

#........# ###............
##...J.######..............
##....##.####....#...._>....
#...#####...#....#.#........
#....# ##.......##.#.......
##..### #........######.####
#....# #.......## #### #
##....###.....########P.#
#....#.####8.## #......####
#.....##..J.#.####.........#
##........J....#.#........##
#.........................##
#..........................# ###
#.....####.....#.........P##
..#####...####....#.##.........#
..#.# #....##......#####.....#.#
...## #.....##....### ##..#.###


You could see a titanic slime creature and an enormous slime creature.

Vanquished Creatures
  the Lernaean hydra (Swamp:4)
  A titan (Vaults:2)
  Frances (Spider:1)
  An acid blob (Lair:6)
  A shadow dragon (Vaults:1)
  A sphinx (Vaults:4)
  A thorn hunter (Swamp:4)
  An azure jelly (Lair:6)
  Donald (Swamp:3)
  A fire giant (Vaults:2)
  13 vault wardens
  Aizul (Vaults:4)
  5 ghost moths
  A frost giant (Vaults:2)
  9 emperor scorpions
  3 orc warlords
  3 ghouls (Swamp:2)
  20 ironbound preservers
  A quicksilver ooze (Lair:6)
  2 stone giants
  2 war gargoyles
  A green draconian (Vaults:2)
  A deep elf demonologist (Vaults:2)
  Nessos (D:15)
  8 bunyips
  4 dire elephants
  4 spark wasps
  5 entropy weavers
  Azrael (D:13)
  3 ettins
  Snorg (D:11)
  2 fire dragons
  10 yaktaur captains
  5 eleionomae
  A shambling mangrove (Swamp:1)
  Harold (D:11)
  2 crystal guardians (Vaults:4)
  3 deep elf high priests
  2 great orbs of eyes
  17 vault guards
  28 hydras
  7 ironbound thunderhulks
  An ice dragon (Vaults:2)
  6 boulder beetles
  A peacekeeper (Vaults:4)
  A ghost crab (Swamp:2)
  8 ironbound frosthearts
  5 centaur warriors
  An ogre mage (D:15)
  3 tengu warriors
  3 death knights
  14 alligators
  2 catoblepae
  8 death scarabs (Spider:4)
  8 two-headed ogres
  Urug (D:13)
  A spriggan berserker (Swamp:4)
  7 ironbound beastmasters
  4 thrashing horrors (Lair:6)
  5 orc high priests
  Sonja (Lair:2)
  A deep elf knight (Vaults:2)
  A vampire mage (D:15)
  A shadow wraith (Vaults:3)
  9 goliath frogs
  2 skeletal warriors
  2 glowing orange brains
  3 spriggan druids
  23 bog bodies
  A death drake (Swamp:4)
  46 deep trolls
  12 swamp dragons
  8 lindwurms
  7 orc knights
  A storm dragon skeleton (Vaults:3)
  A deep elf archer (Orc:1)
  A sphinx zombie (Vaults:1)
  8 wizards
  5 deep elf zephyrmancers
  19 ironbound convokers
  3 deep elf pyromancers (Vaults:2)
  20 orb spiders
  An orb spider (shapeshifter) (Vaults:2)
  6 harpies
  6 spectral wolf spiders
  A tengu skeleton (Vaults:1)
  A fire giant zombie (D:15)
  24 wolf spiders
  5 orc sorcerers
  20 ugly things
  5 necromancers
  3 cyclopes
  3 manticores (D:15)
  5 will-o-the-wisps
  2 moths of wrath (Spider:4)
  3 black mambas
  20 elephants
  10 cane toads
  19 vault sentinels
  A stone giant skeleton (D:15)
  A torpor snail (Spider:4)
  Maggie (D:6)
  2 gargoyles (D:13)
  5 smoke demons
  7 kobold demonologists
  5 spectral redbacks (Spider:4)
  2 unseen horrors
  7 spectral spriggans (Swamp:2)
  38 yaktaurs
  3 komodo dragons
  5 rime drakes
  A yaktaur (shapeshifter) (Vaults:1)
  An efreet (D:14)
  14 demonic crawlers
  3 redback zombies (Spider:4)
  5 freezing wraiths
  A tengu conjurer (D:14)
  3 meliai (D:10)
  An ancient zyme (Lair:6)
  6 tyrant leeches
  7 bloated husks
  4 trolls
  A spectral jumping spider (Spider:4)
  2 spectral tarantellas (Spider:4)
  2 polar bears
  33 jumping spiders
  13 hornets
  28 blink frogs
  A tarantella zombie (Spider:4)
  11 dream sheep (Lair:4)
  47 slime creatures
  A jumping spider zombie (Spider:4)
  A frost giant simulacrum (Vaults:3)
  2 ynoxinuls (Lair:6)
  9 spriggans
  An ice dragon skeleton (D:15)
  Sigmund (D:6)
  6 wyverns
  4 shadows
  9 basilisks
  61 redbacks
  52 yaks
  14 small abominations (Lair:6)
  3 fire elementals (D:13)
  2 vampires
  8 wraiths
  3 fire bats (Orc:2)
  A golden eye (shapeshifter) (Vaults:2)
  A yaktaur simulacrum (Vaults:4)
  23 tarantellas
  4 steam dragons
  4 wargs (Orc:2)
  14 swamp worms
  11 vampire mosquitoes
  A large abomination (Lair:6)
  A two-headed ogre zombie (D:11)
  An acid dragon (D:11)
  24 water moccasins
  2 floating eyes (Vaults:2)
  6 hell hounds
  2 human skeletons
  A spectral hornet (Spider:4)
  9 swamp drakes
  2 hornet zombies (Spider:4)
  33 orc warriors
  A black bear (shapeshifter) (Vaults:1)
  2 ice beasts
  5 black bears
  An ogre skeleton (Vaults:3)
  3 necrophages
  42 wolves
  10 ogres
  10 centaurs
  A phantom (D:11)
  A human zombie (Vaults:3)
  12 bullfrogs
  3 gnoll sergeants
  3 kobold brigands
  5 elf zombies
  3 wyvern zombies
  7 scorpions
  2 troll zombies (D:11)
  A killer bee (D:10)
  10 wights
  2 electric eels
  A howler monkey (D:7)
  4 hounds
  3 centaur zombies
  3 jellies
  24 orc priests
  2 centaur skeletons
  2 gnoll shamans
  4 iguanas
  25 orc wizards
  6 hell rats (Lair:6)
  A killer bee zombie (D:7)
  5 ogre zombies (D:11)
  3 mummies
  4 howler monkey zombies
  A howler monkey skeleton (D:5)
  27 gnolls
  6 adders
  A river rat (Sewer)
  4 white imps
  2 ufetubi
  2 adder zombies (Ossuary)
  A worm (shapeshifter) (Vaults:2)
  5 worms
  2 dart slugs
  87 orcs
  10 ball pythons
  A bat (D:2)
  4 endoplasms
  6 giant cockroaches
  7 goblins
  2 hobgoblins
  8 jackals
  3 quokkas
  2 frilled lizards
  A goblin skeleton (D:11)
  6 goblin zombies
  2 hobgoblin skeletons (D:11)
  12 hobgoblin zombies
  18 kobolds
  10 kobold zombies
  4 orc skeletons
  32 orc zombies
  A quokka zombie (D:6)
  9 rats
  2 rat zombies
  A butterfly (Lair:1)
1633 creatures vanquished.

Vanquished Creatures (others)
  16 foxfires
  67 fungi
  57 plants
  10 withered plants
150 creatures vanquished.

Grand Total: 1783 creatures vanquished

Notes
Turn   | Place    | Note
-------+----------+-------------------------------------------
     0 | D:1      | Spaninq the Human Ice Elementalist began the quest for the
                  | Orb.
     0 | D:1      | Reached XP level 1. HP: 13/13 MP: 3/3
   291 | D:1      | Reached XP level 2. HP: 19/19 MP: 3/5
   995 | D:2      | Reached skill level 1 in Armour
   995 | D:2      | Reached XP level 3. HP: 16/24 MP: 0/6
  1055 | D:2      | Learned a level 3 spell: Frozen Ramparts
  1118 | D:2      | Reached XP level 4. HP: 25/30 MP: 4/7
  1651 | D:2      | Found a faded altar of an unknown god.
  2207 | D:3      | Found a glowing drain.
  2217 | Sewer    | Entered a sewer
  2225 | Sewer    | Reached XP level 5. HP: 34/35 MP: 8/8
  2308 | Sewer    | Noticed a kobold brigand
  2327 | Sewer    | Killed a kobold brigand
  2328 | Sewer    | Reached skill level 5 in Ice Magic
  2410 | Sewer    | Found a white marble altar of Elyvilon.
  2921 | D:3      | Found a glowing golden altar of the Shining One.
  2957 | D:3      | Reached XP level 6. HP: 7/41 MP: 10/10
  3913 | D:3      | Found Fikedgh's General Store.
  4007 | D:4      | Noticed a water moccasin
  4007 | D:4      | Found Kalev's Magic Scroll Shoppe.
  4402 | D:4      | Killed a water moccasin
  4463 | D:4      | Reached XP level 7. HP: 45/46 MP: 10/11
  4739 | D:4      | Learned a level 3 spell: Stone Arrow
  4973 | D:4      | Reached skill level 1 in Conjurations
  4973 | D:4      | Reached skill level 1 in Earth Magic
  5615 | D:5      | Entered Level 5 of the Dungeon
  5722 | D:5      | Reached skill level 1 in Shields
  5722 | D:5      | Reached XP level 8. HP: 49/52 MP: 13/13
  6321 | D:5      | Found a staircase to the Ecumenical Temple.
  6343 | D:5      | Found an ornate altar of the Wu Jian Council.
  6347 | Temple   | Entered the Ecumenical Temple
  6355 | Temple   | Became a worshipper of Vehumet
  6561 | D:5      | Found an iron altar of Okawaru.
  7075 | D:5      | Reached XP level 9. HP: 56/57 MP: 13/15
  7628 | D:6      | Identified a scroll of acquirement
  7628 | D:6      | Acquired a +2 pair of gloves of strength
  7666 | D:6      | Found a glowing silver altar of Zin.
  7727 | D:6      | Found Hirr's General Store.
  7743 | D:6      | Noticed Sigmund
  7881 | D:6      | Reached * piety under Vehumet
  7881 | D:6      | Offered knowledge of Shock by Vehumet.
  7889 | D:6      | Learned a level 1 spell: Shock
  7898 | D:6      | Noticed Maggie
  7908 | D:6      | Killed Maggie
  7909 | D:6      | Reached skill level 5 in Conjurations
  7951 | D:6      | Found a shimmering blue altar of Sif Muna.
  8003 | D:6      | Reached skill level 5 in Earth Magic
  8034 | D:6      | Found a sand-covered staircase.
  8051 | Ossuary  | Entered an ossuary
  8776 | Ossuary  | Reached ** piety under Vehumet
  8776 | Ossuary  | Offered knowledge of Poisonous Vapours by Vehumet.
  8802 | Ossuary  | Reached skill level 5 in Spellcasting
  8934 | Ossuary  | Learned a level 5 spell: Bolt of Magma
  9189 | D:6      | Killed Sigmund
  9190 | D:6      | Reached skill level 1 in Fire Magic
  9578 | D:7      | Found Nenkeo Fyfyth's Jewellery Shoppe.
  9582 | D:7      | Reached XP level 10. HP: 63/63 MP: 17/17
 10036 | D:7      | Found a shadowy altar of Dithmenos.
 10183 | D:7      | Offered knowledge of Inner Flame by Vehumet.
 10363 | D:7      | You fall into a shaft and drop 2 floors!
 11536 | D:8      | Reached *** piety under Vehumet
 11731 | D:8      | Killed an unseen horror
 12099 | D:9      | Found an opulent altar of Gozag.
 12240 | D:9      | Found a broken altar of Ashenzari.
 12275 | D:9      | Offered knowledge of Olgreb's Toxic Radiance by Vehumet.
 12322 | D:9      | Found Maiv's Jewellery Boutique.
 12543 | D:9      | Reached XP level 11. HP: 64/68 MP: 11/20
 12660 | D:9      | Found a shimmering altar of Xom.
 12867 | D:10     | Entered Level 10 of the Dungeon
 12890 | D:10     | Reached skill level 5 in Fire Magic
 13215 | D:10     | Found a staircase to the Lair.
 13391 | D:10     | Found a white marble altar of Elyvilon.
 14228 | D:7      | Bought the amulet "Feugus" {RegenMP Will+ Dex+2} for 468
                  | gold pieces
 14327 | Lair:1   | Entered Level 1 of the Lair of Beasts
 14371 | Lair:1   | Noticed a seven-headed hydra
 14384 | Lair:1   | Reached **** piety under Vehumet
 15032 | Lair:1   | Offered knowledge of Freezing Cloud by Vehumet.
 15039 | Lair:1   | Learned a level 5 spell: Freezing Cloud
 15299 | Lair:1   | Found a transporter.
 15349 | Lair:1   | Killed a seven-headed hydra
 15475 | Lair:1   | Reached XP level 12. HP: 68/74 MP: 22/22
 15853 | Lair:1   | Found a transporter.
 15857 | Lair:1   | Noticed a fire crab
 15995 | Lair:2   | Noticed Sonja
 16127 | Lair:2   | Killed Sonja
 16310 | Lair:2   | Found a hole to the Spider Nest.
 16389 | Lair:2   | You fall into a shaft and drop 2 floors!
 16467 | Lair:4   | Reached skill level 5 in Dodging
 16896 | Lair:3   | Identified the +7 mace of True Grit {protect, rF+ Int+6}
 18618 | Lair:3   | Reached ***** piety under Vehumet
 18618 | Lair:3   | Offered knowledge of Fireball by Vehumet.
 18621 | Lair:3   | Reached XP level 13. HP: 79/79 MP: 24/24
 18627 | Lair:3   | Learned a level 5 spell: Fireball
 18915 | Lair:4   | Noticed a four-headed hydra
 18926 | Lair:4   | Killed a four-headed hydra
 18927 | Lair:4   | Reached skill level 5 in Armour
 18927 | Lair:4   | Reached skill level 10 in Conjurations
 18929 | Lair:4   | Reached skill level 10 in Earth Magic
 19100 | Lair:4   | Reached skill level 10 in Spellcasting
 19100 | Lair:4   | Reached XP level 14. HP: 85/85 MP: 28/28
 19891 | Lair:4   | You fall into a shaft and drop 1 floor!
 20532 | Lair:5   | Identified the +1 leather armour "Vepauc" {Drain *Slow
                  | rPois Int+8}
 20716 | Lair:4   | Found a staircase to the Swamp.
 20762 | Lair:4   | Offered knowledge of Spellforged Servitor by Vehumet.
 20772 | Lair:4   | Learned a level 7 spell: Spellforged Servitor
 22234 | D:11     | Noticed Harold
 22244 | D:11     | Killed Harold
 22409 | D:11     | Noticed Snorg
 22418 | D:11     | HP: 1/85 [Snorg (14)]
 22419 | D:11     | Killed Snorg
 22420 | D:11     | Reached XP level 15. HP: 1/90 MP: 15/29
 23589 | D:11     | Found a staircase to the Orcish Mines.
 25247 | D:12     | Reached skill level 1 in Fighting
 25267 | D:12     | Identified the +2 ring mail "Minon" {Str+5}
 25573 | D:13     | Noticed Azrael
 25584 | D:13     | Killed Azrael
 25584 | D:13     | Offered knowledge of Starburst by Vehumet.
 25592 | D:13     | Learned a level 6 spell: Starburst
 26310 | D:13     | Noticed Urug
 26316 | D:13     | Killed Urug
 26501 | D:13     | Found a gate to the Vaults.
 26885 | Orc:1    | Entered Level 1 of the Orcish Mines
 27100 | Orc:1    | Identified the +7 scimitar of Upheaval {vorpal, *Noise
                  | rElec rN+ Int+4}
 27865 | Orc:1    | Noticed an orc warlord
 27872 | Orc:1    | Killed an orc warlord
 28005 | Orc:2    | Entered Level 2 of the Orcish Mines
 28111 | Orc:2    | Found a staircase to the Elven Halls.
 28220 | Orc:2    | Reached XP level 16. HP: 96/104 MP: 31/31
 28300 | Orc:2    | Found a dark tunnel.
 28316 | Volcano  | Entered a volcano
 28448 | Volcano  | Reached ****** piety under Vehumet
 28485 | Volcano  | Offered knowledge of Lee's Rapid Deconstruction by Vehumet.
 29576 | Orc:2    | Learned a level 5 spell: Lee's Rapid Deconstruction
 30492 | Orc:2    | Found Eggizxy's Assorted Antiques.
 30492 | Orc:2    | Found Coxapad's Magic Scroll Boutique.
 30494 | Orc:2    | Found Peigigism's Assorted Antiques.
 30494 | Orc:2    | Found Siydeh's General Store.
 30875 | Lair:6   | Entered Level 6 of the Lair of Beasts
 30930 | Lair:6   | Offered knowledge of Irradiate by Vehumet.
 31560 | Lair:6   | Reached skill level 5 in Fighting
 31967 | Lair:6   | Found a staircase to the Slime Pits.
 31967 | Lair:6   | Found a viscous altar of Jiyva.
 32348 | Lair:6   | Offered knowledge of Ozocubu's Refrigeration by Vehumet.
 32550 | Lair:6   | Reached XP level 17. HP: 116/116 MP: 28/33
 32740 | Lair:6   | Found a corrupted altar of Lugonu.
 32740 | Lair:6   | Found a one-way gate to the infinite horrors of the Abyss.
 33105 | Lair:6   | Found a runed translucent door.
 33106 | Lair:6   | Found a shimmering altar of Xom.
 33106 | Lair:6   | Noticed robertstho's ghost (journeyman DjFE)
 33255 | Swamp:1  | Entered Level 1 of the Swamp
 34632 | Swamp:1  | Found an ancient bone altar of Kikubaaqudgha.
 35929 | Swamp:2  | Reached XP level 18. HP: 127/127 MP: 15/34
 36607 | Swamp:3  | Reached skill level 15 in Earth Magic
 36609 | Swamp:3  | Reached skill level 15 in Conjurations
 37214 | Orc:2    | Bought a scroll of noise for 16 gold pieces
 37220 | Orc:2    | Bought a scroll of blinking for 120 gold pieces
 37223 | Orc:2    | Bought a scroll of teleportation for 105 gold pieces
 37457 | D:6      | Bought a scroll of blinking for 105 gold pieces
 38267 | Swamp:3  | Got the Disquisition on Transmigration
 38653 | Swamp:3  | Noticed Donald
 38662 | Swamp:3  | Killed Donald
 39136 | Swamp:4  | Entered Level 4 of the Swamp
 39884 | Swamp:4  | Offered knowledge of Ignition by Vehumet.
 40784 | Swamp:4  | Noticed the 27-headed Lernaean hydra
 40849 | Swamp:4  | Killed the 27-headed Lernaean hydra
 40912 | Swamp:4  | Got a decaying rune of Zot
 41882 | Swamp:4  | Reached XP level 19. HP: 136/136 MP: 35/36
 42315 | Spider:1 | Entered Level 1 of the Spider Nest
 42468 | Spider:1 | Noticed Frances
 42591 | Lair:2   | Learned a level 8 spell: Lehudib's Crystal Spear
 42891 | Spider:1 | Killed Frances
 43702 | Spider:1 | Offered knowledge of Fire Storm by Vehumet.
 43702 | Spider:1 | Offered knowledge of Chain Lightning by Vehumet.
 43702 | Spider:1 | Offered knowledge of Polar Vortex by Vehumet.
 45045 | Spider:2 | Reached skill level 1 in Staves
 47494 | Spider:4 | Entered Level 4 of the Spider Nest
 47947 | Spider:4 | Reached XP level 20. HP: 144/144 MP: 23/37
 50603 | Spider:4 | Got a gossamer rune of Zot
 50959 | Vaults:1 | Entered Level 1 of the Vaults
 52037 | D:14     | Reached skill level 5 in Staves
 52192 | D:14     | Learned a level 1 spell: Apportation
 52491 | D:14     | Found a broken altar of Ashenzari.
 52629 | D:15     | Entered Level 15 of the Dungeon
 52629 | D:15     | Found a staircase to the Depths.
 52983 | D:15     | Noticed Nessos
 53169 | D:15     | Killed Nessos
 54416 | Vaults:1 | Reached XP level 21. HP: 143/150 MP: 23/39
 56092 | Vaults:1 | Identified the +1 ring mail of Magic {rElec Will+++ Str+5}
 56266 | Vaults:1 | Identified the +5 long sword of Dowdy Subterfuge {freeze,
                  | *Rage Fly Dex+2 Stlth+}
 56310 | Vaults:2 | Reached skill level 1 in Evocations
 56473 | Vaults:2 | Found Rumuots's Assorted Antiques.
 56560 | Vaults:2 | Bought a potion of curing for 135 gold pieces
 57274 | Vaults:2 | Identified the +0 buckler "Xuqoh" {-Tele rPois rF+++ rCorr}
 57413 | Vaults:2 | Found a large runed translucent door.
 57413 | Vaults:2 | Found a large runed translucent door.
 57413 | Vaults:2 | Noticed Droegar's ghost (adept MiBe)
 57654 | Vaults:2 | Learned a level 6 spell: Iron Shot
 58235 | Vaults:2 | Reached XP level 22. HP: 149/157 MP: 18/40
 58949 | Vaults:2 | Identified the +0 robe of Follow the Leader {rN+ Str+6}
 59922 | Vaults:2 | Identified the +4 long sword "Mapnun" {protect, Str+2
                  | Dex+3}
 59928 | Vaults:2 | Identified the +5 arbalest of the Ghost {venom, rC+ rCorr
                  | Int-4 Dex+3}
 60065 | Vaults:2 | Reached skill level 15 in Spellcasting
 62858 | Vaults:3 | Found a staircase to the Crypt.
 63002 | Vaults:3 | Reached XP level 23. HP: 162/162 MP: 32/42
 63998 | Vaults:4 | Noticed Aizul
 64006 | Vaults:4 | Killed Aizul
 65133 | Vaults:4 | Noticed Mennas
 66261 | Vaults:4 | Found Giar's Jewellery Boutique.
 66261 | Vaults:4 | Found Puffaotz's Book Boutique.
 66264 | Vaults:4 | Found Takavvik's Assorted Antiques.
 66271 | Vaults:4 | Bought a book of Stone for 360 gold pieces
 66278 | Vaults:4 | Learned a level 6 spell: Statue Form
 66315 | Vaults:4 | Bought a scroll of teleportation for 93 gold pieces
 66315 | Vaults:4 | Bought a potion of magic for 248 gold pieces
 66315 | Vaults:4 | Bought a scroll of teleportation for 93 gold pieces
 67080 | Slime:1  | Entered Level 1 of the Pits of Slime
 67146 | Lair:6   | Reached skill level 1 in Transmutations
 67555 | Lair:6   | Slain by a titanic slime creature

Illustrated notes

Levels and vault maps discovered:
D:1:      roderic_chinese_lattice_arrival, layout_basic
D:2:      layout_loops_ring, hellmonk_ecumenical_altar_lost_god
D:3:      layout_loops_cross, nicolae_tso_besieged_by_evil,
          cheibrodos_sewer_entry_drain, serial_shops, shop
D:4:      layout_basic, serial_shops, shop, minmay_statues_item
D:5:      minmay_octagon_keep, layout_basic,
          chequers_temple_overflow_statue_of_worship,
          minmay_temple_entry_statues, saegor_snake_ambush
D:6:      layout_basic, mainiacjoe_overflow_surrounded_room,
          mainiacjoe_overflow_alcove_4, serial_shops, shop, enter_ossuary_4,
          grunt_decor_cap, uniq_maggie, uniq_sigmund
D:7:      layout_basic, kennysheep_little_box, kennysheep_small_circle
D:8:      layout_cave_pods
D:9:      layout_cave_pools, nicolae_gozag_cash_rules_everything_around_me,
          mainiacjoe_overflow_brackets, mainiacjoe_overflow_paths, serial_shops,
          nicolae_shop_trees
D:10:     layout_stronghold, nicolae_elyvilon_peaceful_grove, lair_entry_dummy,
          serial_bayou_pond_b
D:11:     layout_loops_corners, zombieorc2_lemuel, serial_undead,
          serial_undead_a, serial_undead_f, serial_undead_b, serial_undead_f,
          serial_undead_d, serial_undead_b, serial_undead_c, uniq_harold,
          uniq_snorg
D:12:     layout_loops_ring
D:13:     minmay_skewed_foursquare, layout_basic, david_vaults_1, uniq_urug,
          uniq_azrael
D:14:     layout_cave_pods, chequers_serial_rivers_room_a,
          evilmike_ruin_ashenzari
D:15:     gammafunk_depths_entry_grave, layout_cave_pools, minmay_fountain_box,
          uniq_nessos
Temple:   nicolae_temple_no_exploring_needed
Lair:1:   gammafunk_cloud_chamber, layout_loops_ring, grunt_megastairs_4,
          lemuel_fruit_fields, lemuel_fruit_fields
Lair:2:   layout_cave_pods, nicolae_spider_entry_non_spiders, uniq_sonja
Lair:3:   layout_big_grid, infiniplex_staircase_pool_2
Lair:4:   layout_layer_cave, swamp_mist, grunt_forest_large_clearings
Lair:5:   layout_cave_pods, nicolae_quartered_pool_little, minivault_11,
          serial_bayou_shore_b, grunt_megastairs_5, serial_bayou_shore_b,
          lemuel_fruit_tree
Lair:6:   hellmonk_lair_end_abyssal_woods, layout_concentric_octagons,
          slime_altar_1, special_room [special_room_mythical_zoo],
          ebering_ghost_xom, columned_hall_lemuel
Swamp:1:  layout_falls_marsh, evilmike_swamp_ruin_rubble_1, swamp_pool2,
          grunt_ruined_hall
Swamp:2:  nicolae_swamp_flooded_prison, layout_falls_marsh,
          infiniplex_staircase_pool
Swamp:3:  layout_basic_swamp, evilmike_swamp_ruin_house_6,
          nicolae_swamp_feature_on_the_river_bank, uniq_donald
Swamp:4:  grunt_swamp_rune_castle, layout_basic_swamp
Spider:1: layout_spider_delve, hangedman_spider_tarantella_strand, uniq_frances
Spider:2: layout_spider_delve
Spider:3: layout_spider_delve
Spider:4: floodkiller_spider_rune_tomb, nicolae_spider_orb_run
Slime:1:  layout_caves
Orc:1:    layout_caves, elf_legates
Orc:2:    grunt_orc_tribal_feast, layout_diamond_mine,
          nicolae_volcano_entry_batcave, nicolae_orc_damp_corner
Vaults:1: nicolae_vaults_network_s, ontoclasm_vaults_ring_square,
          vaults_dpeg_ring, v_misc_15, vaults_room_octagon, v_misc_29,
          nicolae_vaults_mini_display_case, nicolae_vaults_quadrants,
          v_pattern_2, vaults_room_stairs_pillars, v_misc_12,
          ontoclasm_vaults_loading_screen, vaults_room_semicircle, v_misc_17,
          layout_vaults_omnibox
Vaults:2: advil_vaults_ghost_guards, hangedman_vaults_trim,
          nicolae_vaults_alarming, nicolae_vaults_little_ls, v_rooms_6,
          v_alt_pattern_3, nicolae_vaults_little_squares_1, st_greater_box_3,
          nicolae_vaults_ninety_degrees, nicolae_vaults_what_the_h,
          nicolae_vaults_little_squares_2, v_misc_24, v_rooms_1,
          nicolae_vaults_asterisk, layout_vaults_maze, serial_shops, shop
Vaults:3: vaults_room_pool, blue_anna_dwarven_crypt, ontoclasm_vaults_shout,
          nicolae_vaults_shelves_hall, vaults_room_hallway, v_misc_10,
          v_alt_pattern_1, grunt_vaults_bifocal, hangedman_vaults_maws,
          vaults_room_pool, v_misc_26, vaults_room_fancy_cross,
          layout_vaults_omnigrid
Vaults:4: vaults_mumra_chevron, nicolae_vaults_network_quincunx
          [nicolae_vaults_network_quincunx_subvault,
          nicolae_vaults_network_quincunx_subvault,
          nicolae_vaults_network_quincunx_subvault,
          nicolae_vaults_network_quincunx_subvault,
          nicolae_vaults_network_quincunx_subvault], vaults_dpeg_diagonal,
          nicolae_vaults_disjoint_gnomons, vaults_mumra_minichess,
          hangedman_vaults_hard_town_square, v_misc_27, v_misc_13,
          hangedman_vaults_stream, grunt_vaults_swirl, ontoclasm_vaults_fault,
          nicolae_vaults_gold_heap, ontoclasm_vaults_idyll, serial_ice_g,
          nicolae_vaults_little_squares_6, ontoclasm_vaults_twist,
          layout_vaults_big_cross, uniq_aizul, uniq_mennas

Skill      XL: |  1  2  3  4  5  6  7  8  9 10 11 12 13 14 15 16 17 18 19 20 21 22 23 |
---------------+----------------------------------------------------------------------+-----
Armour         | 1 2 3 4 5 6 7 8 9 |  9.0
Dodging        | 3 4 5 6 7 |  7.9
Ice Magic      | 5 6 7 8 9 |  9.0
Spellcasting   | 3 4 5 6 7 10 11 12 13 14 15 | 15.6
Conjurations   | 1 3 5 7 9 10 11 12 13 14 15 16 17 18 19 20 | 20.2
Earth Magic    | 1 3 5 7 8 9 10 11 12 13 14 15 16 17 18 19 20 | 20.2
Shields        | 1 3 4 |  4.0
Fire Magic     | 1 4 6 8 9 |  9.0
Fighting       | 3 5 7 8 9 |  9.0
Staves         | 3 5 6 |  6.3
Evocations     | 3 4 |  4.0
Transmutations | 1 |  1.2
Stealth        | |  2.0

Action                   |  1- 3 |  4- 6 |  7- 9 | 10-12 | 13-15 | 16-18 | 19-21 | 22-24 || total
-------------------------+-------+-------+-------+-------+-------+-------+-------+-------++-------
Melee: Unarmed           |       |     1 |       |       |       |       |       |       ||     1
       Dagger            |       |    65 |    51 |       |       |       |       |       ||   116
       Staff             |       |       |    11 |     9 |       |     2 |    29 |    13 ||    64
 Cast: Freeze            |    25 |    47 |    38 |    61 |     8 |    30 |       |       ||   209
       Frozen Ramparts   |       |    22 |    42 |    53 |    66 |    29 |     2 |     1 ||   215
       Stone Arrow       |       |       |    44 |   136 |   279 |   394 |   116 |       ||   969
       Shock             |       |       |    71 |    70 |     7 |       |       |       ||   148
       Bolt of Magma     |       |       |       |    20 |    94 |   153 |    93 |     8 ||   368
       Freezing Cloud    |       |       |       |     1 |    28 |   126 |     8 |     2 ||   165
       Fireball          |       |       |       |       |    41 |    32 |    43 |    15 ||   131
       Lee's Rapid Decon |       |       |       |       |       |    76 |     1 |       ||    77
       Starburst         |       |       |       |       |       |     2 |     8 |       ||    10
       Lehudib's Crystal |       |       |       |       |       |       |   312 |   197 ||   509
       Iron Shot         |       |       |       |       |       |       |    32 |   146 ||   178
       Statue Form       |       |       |       |       |       |       |       |     6 ||     6
Evoke: Wand              |       |       |       |       |     4 |       |       |       ||     4
  Use: Potion            |       |     3 |     4 |     1 |     3 |     1 |     4 |     4 ||    20
       Scroll            |       |       |    12 |    12 |     3 |     5 |     7 |     5 ||    44
 Stab: Sleeping          |       |     1 |     2 |       |       |       |       |       ||     3
       Distracted        |       |       |       |     1 |       |       |       |       ||     1
Armor: Robe              |     1 |    12 |     4 |       |       |       |       |       ||    17
       Ring mail         |       |       |    55 |    71 |    22 |       |    11 |     3 ||   162
       Skin              |       |       |     7 |       |       |       |       |    36 ||    43
       Scale mail        |       |       |       |       |    33 |    40 |    13 |       ||    86
       Swamp dragon scal |       |       |       |       |       |    33 |    95 |       ||   128
       Quicksilver drago |       |       |       |       |       |       |       |    46 ||    46
Dodge: Dodged            |    11 |    44 |    82 |    75 |    64 |    95 |   159 |   105 ||   635
Block: Buckler           |       |       |     4 |    32 |    38 |    39 |    93 |    47 ||   253

Table legend: (Time is in decaauts)
 A = Elapsed time spent in this place.
 B = Non-inter-level travel time spent in this place.
 C = Inter-level travel time spent in this place.
 D = Time resting spent in this place.
 E = Time spent auto-exploring this place.
 F = Levels seen in this place.
 G = Mean time per level.
                   A        B        C        D        E       F      G
               +--------+--------+--------+--------+--------+-----+--------+
         Total |  68252 |  63640 |   4612 |  22702 |  24615 |  40 | 1706.3 |
       Dungeon |  21958 |  20103 |   1855 |   5737 |  10821 |  15 | 1463.9 |
        Temple |     15 |      9 |      6 |      0 |      0 |   1 |   15.0 |
          Lair |  12045 |  10949 |   1096 |   3838 |   4873 |   6 | 2007.5 |
         Swamp |   8317 |   8027 |    290 |   4093 |   1403 |   4 | 2079.2 |
   Spider Nest |   7878 |   7169 |    709 |   2648 |   1760 |   4 | 1969.5 |
    Slime Pits |     60 |     60 |      0 |      0 |      0 |   1 |   60.0 |
  Orcish Mines |   3362 |   3057 |    305 |    684 |    862 |   2 | 1681.0 |
        Vaults |  12844 |  12495 |    349 |   5136 |   4552 |   4 | 3211.0 |
         Sewer |    283 |    283 |      0 |     82 |     72 |   1 |  283.0 |
       Ossuary |   1034 |   1034 |      0 |    362 |    222 |   1 | 1034.0 |
       Volcano |    451 |    451 |      0 |    122 |     47 |   1 |  451.0 |
               +--------+--------+--------+--------+--------+-----+--------+

Top non-repeatable levels by time:
Vaults:2: 4052 daAuts
Vaults:4: 3286 daAuts
Vaults:3: 2759 daAuts
  Lair:6: 2753 daAuts
Vaults:1: 2746 daAuts
Spider:4: 2741 daAuts
  Lair:2: 2684 daAuts
    D:10: 2555 daAuts
  Lair:4: 2446 daAuts
   Orc:2: 2441 daAuts
 Swamp:2: 2341 daAuts
 Swamp:4: 2238 daAuts
    D:11: 2219 daAuts
 Swamp:3: 2167 daAuts
Spider:1: 1925 daAuts
